 Dungeon Crawl Stone Soup version 0.28.0-45-g0d030f2227 (webtiles) character file.

Game seed: 6017325304477301769

74 Descartes the Shield-Bearer (level 4, -1/31 HPs)
             Began as an Octopode Wanderer on Apr 12, 2022.
             Slain by an orc wizard
             ... wielding a +0 dagger
              (2 damage)
             ... on level 3 of the Dungeon.
             The game lasted 00:03:57 (2914 turns).

Descartes the Shield-Bearer (Octopode Wanderer)     Turns: 2914, Time: 00:03:57

Health: -1/31      AC:  4    Str: 12    XL:     4   Next: 30%
Magic:  5/5        EV: 13    Int: 16    God:
Gold:   129        SH:  0    Dex: 10    Spells: 4/4 levels left

rFire   . . .      SeeInvis .   a - +0 club
rCold   + . .      Faith    .   d - +0 buckler {AC+3}
rNeg    . . .      Spirit   .   c - +0 hat
rPois   .          Reflect  .   (no amulet)
rElec   .          Harm     .   n - ring of protection from cold
rCorr   .          Rampage  .   (no ring)
Will    .....                   (no ring)
Stlth   ++........              (no ring)
HPRegen 0.10/turn               (no ring)
MPRegen 0.09/turn               (no ring)
                                (no ring)
                                (no ring)

@: confused
A: almost no armour, amphibious, 8 rings, camouflage 1, gelatinous body 1,
(nimble swimmer 1), tentacles
a: no special abilities


You were on level 3 of the Dungeon.
You visited 1 branch of the dungeon, and saw 3 of its levels.

You collected 129 gold pieces.

Inventory:

Hand Weapons
 a - a +0 club (weapon)
 e - a +0 dagger
Missiles
 i - 35 arrows
 j - 85 stones (quivered)
Armour
 c - a +0 hat (worn)
 d - a +0 buckler of protection (worn)
Jewellery
 n - a ring of protection from cold (left tentacle)
Scrolls
 b - a scroll of fog
 h - 3 scrolls of teleportation {unknown}
 k - 3 scrolls of identify {unknown}
 l - a scroll of vulnerability {unknown}
 o - a scroll of torment {unknown}
Potions
 f - a potion of haste {unknown}
 g - a potion of brilliance {unknown}
 m - 2 potions of degeneration {unknown}


   Skills:
 - Level 3.0 Fighting
 + Level 2.6 Dodging
 + Level 2.8 Stealth
 + Level 3.5 Shields
 + Level 0.9 Spellcasting
 + Level 2.2 Evocations


You had 4 spell levels left.
You didn't know any spells.
Your spell library was empty.

Dungeon Overview and Level Annotations

Branches:
Dungeon (3/15)

Altars:

Shops:
D:2 ((


Innate Abilities, Weirdness & Mutations

You cannot wear most types of armour.
You are amphibious.
You can wear up to eight rings at the same time.
Your skin changes colour to match your surroundings (Stealth+).
Your rubbery body absorbs attacks. (AC +1, EV +1)
((You are camouflaged when in or above water. (Stealth+)))
You have tentacles for arms and can constrict up to eight enemies at once.


Message History

The orc barely misses you.
You barely miss the orc. You grab the orc.
The orc is severely wounded.
You constrict the orc.
You kill the orc!
You hear some strange, mumbled words.
A magic dart appears from out of thin air!
The magic dart hits you!
You closely miss something. You squeeze something. Something hits you.
You miss something. Something hits you.
You miss something. You block something's attack. Something hits you.
* * * LOW HITPOINT WARNING * * *
You hit something but do no damage. Your squeeze misses something.
Something hits you but does no damage.
Unknown command.
You closely miss something.
You hear some strange, mumbled words.
Something tries to affect you, but you resist.
You hit something.
Something hits you but does no damage. x2
You miss something. Something hits you.
* * * LOW HITPOINT WARNING * * *
Unknown command.
You closely miss something.
Your tentacle-slap misses something.
Something hits you but does no damage.
Unknown command.
You hit something but do no damage. Something hits you but does no damage.
You closely miss something.
You hear some strange, mumbled words.
You are confused.
Something hits you.
* * * LOW HITPOINT WARNING * * *
Unknown command.
You bump into the rock wall.
Something hits you but does no damage.
You miss something. Your squeeze misses something. Something hits you.
* * * LOW HITPOINT WARNING * * *
You bump into the rock wall.
Something hits you.
* * * LOW HITPOINT WARNING * * *
Unknown command.
You bump into the rock wall.
Something hits you.
You die...

## #######################.
......{@................
#######################. ........
################################.
.......†.......................#.
.######......#######...........#.
.# #......'...# #...........#. .#
##......###.# #...........#. .#
#.........# ########..#.#.


There were no monsters in sight!

Vanquished Creatures
  An adder (D:3)
  A worm (D:3)
  2 dart slugs (D:2)
  2 orcs (D:3)
  4 endoplasms
  3 goblins
  8 hobgoblins
  4 jackals
  6 kobolds
  A quokka (D:1)
  7 ball pythons
  4 bats
  6 frilled lizards
  5 rats
54 creatures vanquished.

Vanquished Creatures (others)
  3 plants (D:1)
  6 withered plants (D:1)
9 creatures vanquished.

Grand Total: 63 creatures vanquished

Notes
Turn   | Place    | Note
-------+----------+-------------------------------------------
     0 | D:1      | Descartes the Octopode Wanderer began the quest for the
                  | Orb.
     0 | D:1      | Descartes set off with the following items: a +0 club, a
                  | scroll of fog, a +0 hat, a +0 buckler of protection
     0 | D:1      | Reached XP level 1. HP: 16/16 MP: 1/1
   175 | D:1      | Reached XP level 2. HP: 13/21 MP: 2/2
   697 | D:1      | Found a faded altar of an unknown god.
   930 | D:1      | Reached XP level 3. HP: 21/26 MP: 3/3
  1144 | D:2      | Found Namosk's Weapon Shop.
  1275 | D:2      | Found Gesaps's Antique Weapon Emporium.
  2120 | D:3      | Reached XP level 4. HP: 14/31 MP: 3/5
  2913 | D:3      | HP: 1/31 [something (3)]
  2914 | D:3      | Slain by an orc wizard

Illustrated notes

Levels and vault maps discovered:
D:1:      scummos_arrival_simple_fountains, layout_loops_ring,
          shapermc_ecumenical_altar_flowoftime, st_stairs_6
D:2:      layout_basic, serial_shops, shop, shop, grunt_ministairs_13
D:3:      minmay_wonky_spiral, layout_basic, uniq_sigmund

Skill      XL: |  1  2  3 |
---------------+----------+-----
Stealth        | 2 |  2.8
Evocations     | 2 |  2.2
Fighting       | |  3.0
Dodging        | |  2.6
Shields        | |  3.5
Spellcasting   | |  0.9

Action                   |  1- 3 |  4- 6 || total
-------------------------+-------+-------++-------
Melee: Club              |    92 |    39 ||   131
       Constrict         |    26 |     6 ||    32
       Tentacles         |    24 |    10 ||    34
       Punch             |     1 |     1 ||     2
 Stab: Sleeping          |    14 |     1 ||    15
Armor: Skin              |    24 |    14 ||    38
Dodge: Dodged            |    47 |    18 ||    65
Block: Buckler           |    17 |     6 ||    23
